 Dungeon Crawl Stone Soup version 0.25.0-11-g1f837a76a1 (webtiles) character file.

Game seed: 10685335313586619489

35 Ge0ff the Sneak (level 3, -2/16 HPs)
             Began as a Spriggan Enchanter on June 25, 2020.
             Slain by a goblin (4 damage)
             ... led by Robin
             ... on level 2 of the Dungeon.
             The game lasted 00:03:25 (1121 turns).

Ge0ff the Sneak (Spriggan Enchanter)                Turns: 1121, Time: 00:03:26

Health: -2/16      AC:  2    Str:  4    XL:     3   Next: 17%
Magic:  3/8        EV: 18    Int: 17    God:
Gold:   73         SH:  0    Dex: 16    Spells: 5/8 levels left

rFire    . . .     SeeInvis +   a - +1 dagger
rCold    + . .     Gourm    .   (shield restricted)
rNeg     . . .     Faith    .   b - +0 robe
rPois    .         Spirit   .   (helmet restricted)
rElec    .         Reflect  .   (no cloak)
rCorr    .         Harm     .   (gloves unavailable)
MR       .....                  (boots unavailable)
Stlth    +++.......             x - amulet of the acrobat
HPRegen  0.05/turn              t - ring of protection from cold
MPRegen  0.11/turn              (no ring)

@: about to teleport, very slightly contaminated, very quick
A: very small, unfitting armour, see invisible, herbivore, speed 3, slow
metabolism 2
a: no special abilities


You were on level 2 of the Dungeon.
You were not hungry.

You visited 1 branch of the dungeon, and saw 2 of its levels.

You collected 73 gold pieces.

Inventory:

Hand Weapons
 a - a +1 dagger (weapon)
Armour
 b - a +0 robe (worn)
Jewellery
 t - a ring of protection from cold (left hand)
 x - an amulet of the acrobat (around neck)
Scrolls
 w - a scroll of immolation {unknown}
 T - a scroll of teleportation
Potions
 u - a potion of stabbing {unknown}
Comestibles
 r - 6 rations


   Skills:
 + Level 1.7 Short Blades
 - Level 3.0 Dodging
 + Level 4.8 Stealth
 + Level 3.1 Spellcasting
 * Level 4.2 Hexes
 * Level 0.6 Ice Magic


You had 5 spell levels left.
You knew the following spells:

 Your Spells              Type           Power        Failure   Level  Hunger
a - Corona                Hex            ###....      3%          1    None
k - Ensorcelled Hibernat  Hex/Ice        ##....       10%         2    ##.....

Your spell library contained the following spells:

 Spells                   Type           Power        Failure   Level  Hunger
 Confusing Touch          Hex            ###.....     9%          3    ###....
 Tukima's Dance           Hex            ###.....     9%          3    ###....
 Dazzling Flash           Conj/Hex       #.....       22%         3    ###....


Dungeon Overview and Level Annotations

Branches:
Dungeon (2/15)

Altars:

Annotations:
D:2 Robin


Innate Abilities, Weirdness & Mutations

You are very small and have problems with some larger weapons.
You are too small for most types of armour.
You have supernaturally acute eyesight. (SInv)
You are a herbivore.
You cover ground extremely quickly.
You need to consume almost no food.


Message History

The goblin resists with significant effort.
The kobold completely misses you. The goblin misses you.
The goblin hits you with a +0 dagger of speed.
* * * LOW HITPOINT WARNING * * *
The goblin closely misses you. The goblin misses you.
Robin roars a battlecry!
The goblins go into a battle-frenzy!
The goblin hits you but does no damage.
As you read the scroll labeled RATHIB APSU, it crumbles to dust.
You feel strangely unstable.
It was a scroll of teleportation.
T - a scroll of teleportation The kobold misses you.
The goblin barely misses you. The goblin closely misses you.
The goblin misses you. The goblin closely misses you.
As you read the scroll labeled KUARYNW QUIP, it crumbles to dust.
The scroll dissolves into smoke.
It was a scroll of fog.
The kobold hits you with a +0 whip.
* * * LOW HITPOINT WARNING * * *
The goblin misses you. The goblin closely misses you. The goblin hits you.
You die...

#..#######.....##.
#.†# #...<......
#..# #...#######
#..# #.... #..#
#.##. ##..# .#.#
.# #.§§# ....# .#
#gg##g...# .#
#g@ggg...#
##K##gg..# ..gg
...+ ...#.## g.#
+....#.# .# #...
#.# # ##'# #.# ..
...


You could see Robin, 2 hobgoblins, 8 goblins and a kobold.

Vanquished Creatures
  2 dart slugs (D:1)
  2 leopard geckos (D:1)
  3 goblins (D:1)
  5 hobgoblins (D:1)
  4 jackals (D:1)
  3 bats (D:1)
  2 frilled lizards (D:1)
  8 rats
29 creatures vanquished.

Notes
Turn   | Place    | Note
-------+----------+-------------------------------------------
     0 | D:1      | Ge0ff the Spriggan Enchanter began the quest for the Orb.
     0 | D:1      | Reached XP level 1. HP: 9/9 MP: 5/5
   185 | D:1      | Reached XP level 2. HP: 13/13 MP: 6/6
   243 | D:1      | Learned a level 2 spell: Ensorcelled Hibernation
   716 | D:1      | Reached XP level 3. HP: 15/16 MP: 6/8
  1110 | D:2      | Noticed Robin
  1121 | D:2      | Slain by a goblin

Illustrated notes

Levels and vault maps discovered:
D:1:      dpeg_arrival_subterranean_lakeside_camping, layout_basic,
          minmay_domino_2
D:2:      layout_basic, led_sif_pool, bloody_trog, uniq_robin

Skill      XL: |  1  2 |
---------------+-------+-----
Hexes          | 4 |  4.2
Spellcasting   | 3 |  3.1
Short Blades   | |  1.7
Dodging        | |  3.0
Stealth        | |  4.8
Ice Magic      | |  0.6

Action                   || total
-------------------------++-------
Melee: Dagger            ||   111
 Cast: Corona            ||     4
       Ensorcelled Hiber ||     5
  Use: Scroll            ||     2
 Stab: Sleeping          ||    16
Armor: Robe              ||     9
Dodge: Dodged            ||   114

Levels and vault maps discovered:
D:1:      dpeg_arrival_subterranean_lakeside_camping, layout_basic,
          minmay_domino_2
D:2:      layout_basic, led_sif_pool, bloody_trog, uniq_robin
